 Dungeon Crawl Stone Soup version 0.21.1-1-g345015f (webtiles) character file.

263 inc the Charmwright (level 6, 0/42 HPs)
             Began as an Octopode Ice Elementalist on June 17, 2018.
             Slain by Edmund
             ... wielding a +0 flail of draining
              (5 damage)
             ... on level 4 of the Dungeon.
             The game lasted 00:05:31 (4019 turns).

inc the Charmwright (Octopode Ice Elementalist)     Turns: 4019, Time: 00:05:32

Health: 0/42       AC:  1    Str:  7    XL:     6   Next: 19%
Magic:  9/9        EV: 13    Int: 19    God:
Gold:   230        SH:  0    Dex: 13    Spells: 5/9 levels left

rFire    . . .     SeeInvis .   m - +2 dagger (vamp)
rCold    . . .     Gourm    .   (no shield)
rNeg     . . .     Faith    .   (helmet restricted)
rPois    .         Spirit   .   (no amulet)
rElec    .         Reflect  .   f - ring of stealth
rCorr    .         Harm     .   (no ring)
MR       .....                  (no ring)
Stlth    ++++......             (no ring)
HPRegen  0.14/turn              (no ring)
MPRegen  0.11/turn              (no ring)
                                (no ring)
                                (no ring)

@: drained
A: almost no armour, stealthy swim, amphibious, 8 rings, constrict 8, camouflage
1, gelatinous body 1
a: no special abilities


You were on level 4 of the Dungeon.
You were hungry.

You visited 1 branch of the dungeon, and saw 4 of its levels.

You collected 230 gold pieces.

Inventory:

Hand Weapons
 k - a +0 whip
 m - a +2 vampiric dagger (weapon)
Armour
 n - a +0 buckler
Jewellery
 f - a ring of stealth (left tentacle)
 g - an uncursed ring of protection from magic {unknown}
 o - an uncursed ring of flight {unknown}
Scrolls
 d - 3 scrolls of identify {unknown}
 i - a scroll of remove curse {unknown}
 j - a scroll of enchant weapon {unknown}
 l - a scroll of teleportation {unknown}
Potions
 c - 2 potions of curing {unknown}
 e - a potion of berserk rage {unknown}
 h - a potion of might {unknown}
Books
 a - a book of Frost

   Spells                             Type                      Level
   a - Freeze                         Ice                          1
   b - Throw Frost                    Conjuration/Ice              2
   c - Ozocubu's Armour               Charms/Ice                   3
   d - Throw Icicle                   Conjuration/Ice              4
   e - Summon Ice Beast               Ice/Summoning                4
Comestibles
 b - 10 rations


   Skills:
 - Level 3.2(2.2) Fighting
 - Level 2.0(1.0) Dodging
 - Level 2.6(1.7) Stealth
 + Level 0.5(0.0) Shields
 - Level 2.2(1.2) Spellcasting
   Level 1.0(0.0) Conjurations
 - Level 4.4(3.3) Charms
 - Level 3.0(2.0) Ice Magic


You had 5 spell levels left.
You knew the following spells:

 Your Spells              Type           Power        Failure   Level  Hunger
a - Freeze                Ice            #...         8%          1    ##.....
b - Ozocubu's Armour      Chrm/Ice       ##......     19%         3    ####...


Dungeon Overview and Level Annotations

Branches:
Dungeon (4/15)
 Temple: D:4-7

Altars:

Annotations:
D:4 Edmund


Innate Abilities, Weirdness & Mutations

You cannot wear most types of armour.
You are very stealthy in the water. (Stealth+)
You are amphibious.
You can wear up to eight rings at the same time.
You can use your tentacles to constrict eight enemies at once.
Your skin changes colour to match your surroundings (Stealth+).
Your rubbery body absorbs attacks. (AC +1, EV +1)


Message History

Edmund is moderately wounded.
You constrict Edmund. Edmund closely misses you.
You hit Edmund. You squeeze Edmund.
Edmund is severely wounded.
You constrict Edmund.
Edmund hits you with a flail of draining!
You feel drained.
You hit Edmund but do no damage.
Edmund is severely wounded.
You constrict Edmund.
Edmund hits you with a flail of draining!
You feel drained.
You are too injured to fight recklessly!
You hit Edmund.
You feel better.
You squeeze Edmund, but do no damage.
Edmund is severely wounded.
You constrict Edmund, but do no damage.
Edmund hits you with a flail of draining!
* * * LOW HITPOINT WARNING * * *
You feel drained.
You die...

####
#.#<.####
#....@..#
##....@.#
#......#
###+##.#
.# .# #


You could see Edmund.

Vanquished Creatures
  A sky beast (D:3)
  5 gnolls
  2 adders (D:3)
  2 worms
  5 dart slugs
  4 leopard geckos
  4 orcs (D:3)
  A giant cockroach (D:3)
  15 goblins
  5 hobgoblins
  12 jackals
  A kobold (D:1)
  2 quokkas
  8 bats
  5 frilled lizards
  2 rats
74 creatures vanquished.

Notes
Turn   | Place    | Note
-------+----------+-------------------------------------------
     0 | D:1      | inc the Octopode Ice Elementalist began the quest for the Orb.
     0 | D:1      | Reached XP level 1. HP: 11/11 MP: 3/3
    34 | D:1      | Reached skill level 1 in Fighting
    34 | D:1      | Reached XP level 2. HP: 15/18 MP: 5/5
   744 | D:1      | Reached XP level 3. HP: 12/24 MP: 6/6
  1843 | D:2      | Reached XP level 4. HP: 25/31 MP: 7/7
  1930 | D:2      | Learned a level 3 spell: Ozocubu's Armour
  2172 | D:2      | Reached skill level 1 in Charms
  2459 | D:3      | Noticed a sky beast
  2846 | D:3      | Reached skill level 2 in Charms
  2883 | D:3      | Reached XP level 5. HP: 23/36 MP: 4/8
  3124 | D:3      | Reached skill level 3 in Charms
  3343 | D:3      | Killed a sky beast
  3343 | D:3      | Reached skill level 4 in Charms
  3343 | D:3      | Reached XP level 6. HP: 20/42 MP: 3/9
  4011 | D:4      | Noticed Edmund
  4019 | D:4      | Slain by Edmund

Skill      XL: |  1  2  3  4  5 |
---------------+----------------+-----
Fighting       | 1 2 3 |  3.2
Charms         | 2 4 |  4.4
Dodging        | |  2.0
Stealth        | |  2.6
Shields        | |  0.5
Spellcasting   | |  2.2
Conjurations   | |  1.0
Ice Magic      | |  3.0

Action                   |  1- 3 |  4- 6 || total
-------------------------+-------+-------++-------
Melee: Unarmed           |    73 |       ||    73
       Tentacles         |    14 |    22 ||    36
       Constrict         |    25 |    23 ||    48
       Whip              |     5 |    66 ||    71
       Dagger            |       |    42 ||    42
 Cast: Freeze            |    12 |    11 ||    23
       Ozocubu's Armour  |       |     6 ||     6
 Stab: Sleeping          |    14 |    14 ||    28
       Distracted        |       |     1 ||     1
       Held in net/web   |       |     1 ||     1
  Eat: Chunk             |     3 |     5 ||     8
       Ration            |       |     2 ||     2
Armor: Skin              |     8 |    24 ||    32
Dodge: Dodged            |    57 |    74 ||   131
